AoeStats
← thenoobmaster-69

Arena

509976555Analyzed
3v3 RM · 5d ago on Sep 28, 2026· 42m 57s· 6 players
Game mode
Random Map
Map size
Normal (6 player)
Population
200
Speed
Normal
Resources
Standard
Victory
Conquest
Starting age
Dark Age
Ending age
Imperial Age
RankedLock teamsTeams togetherTeam positionsShared explorationLock speedFull tech treeHidden civsTurbo modeCheats
Victory
Defeat
🇵🇹 Portuguese · Portugal
911
+17
🇦🇷 Vietnamese · Argentina
877
+18
🇦🇷 Teutons · Argentina
866
+20
🇧🇴 Gurjaras · Bolivia
946
-19
🇧🇷 Celts · Brazil
920
-18
🇧🇴 Portuguese · Bolivia
916
-18
Chewbacca
12:26 Feudal Age
13:41 Wheelbarrow
12:49 Horse Collar
13:01 Double-Bit Axe
19:39 Gold Mining
19:41 Stone Mining
23:15 Castle Age
24:16 Hand Cart
24:02 Heavy Plow
24:15 Bow Saw
24:51 Stone Shaft Mining
26:51 Loom
26:54 Town Watch
32:24 Imperial Age
30:45 Fletching
31:19 Caravan
32:08 Town Patrol
34:19 Two-Man Saw
34:22 Crop Rotation
34:39 Guilds
35:27 Bodkin Arrow
37:22 Chemistry
36:43 Ballistics
40:02 Arquebus
40:48 Elite Organ Gun
40:58 Sappers
41:48 Conscription
41:58 Bracer
43:10 Circumnavigation
43:31 Conscription
La Wacha Piola
5:18 Loom
11:04 Feudal Age
15:27 Castle Age
18:10 Stone Mining
21:53 Double-Bit Axe
21:55 Horse Collar
22:45 Gold Mining
28:00 Forging
32:06 Imperial Age
30:54 Iron Casting
30:20 Scale Mail Armor
32:42 Chain Mail Armor
33:49 Blast Furnace
33:54 Elite Teutonic Knight
35:07 Plate Mail Armor
35:21 Fletching
37:27 Bodkin Arrow
joaquinrainone
0:29 Loom
13:03 Feudal Age
15:32 Horse Collar
15:39 Double-Bit Axe
18:20 Castle Age
16:37 Gold Mining
16:42 Stone Mining
17:16 Town Watch
18:16 Wheelbarrow
19:16 Bow Saw
19:08 Heavy Plow
19:46 Stone Shaft Mining
20:20 Scale Barding Armor
19:55 Pikeman
20:37 Squires
20:24 Arson
21:29 Thumb Ring
22:42 Fletching
24:15 Padded Archer Armor
24:40 Elite Skirmisher
25:56 Hand Cart
27:15 Bodkin Arrow
27:57 Town Patrol
28:26 Squires
28:12 Arson
29:39 Leather Archer Armor
28:49 Man-at-Arms
29:54 Ballistics
29:45 Fortified Wall
29:17 Treadmill Crane
31:13 Murder Holes
31:47 Masonry
30:59 Long Swordsman
32:43 Forging
32:34 Scale Mail Armor
32:08 Crossbowman
34:18 Sanctity
34:50 Iron Casting
35:19 Chain Mail Armor
35:10 Scale Barding Armor
38:41 Husbandry
38:52 Bloodlines
40:12 Chain Barding Armor
40:02 Chatras
40:18 Bloodlines
40:16 Light Cavalry
45:19 Imperial Age
T⌂ÖN
13:19 Feudal Age
15:31 Wheelbarrow
21:05 Stone Mining
20:57 Horse Collar
21:06 Double-Bit Axe
21:13 Gold Mining
25:54 Castle Age
27:07 Padded Archer Armor
27:42 Hand Cart
thenoobmaster-69
0:28 Loom
12:10 Feudal Age
12:38 Double-Bit Axe
12:37 Horse Collar
16:14 Wheelbarrow
24:30 Castle Age
22:54 Scale Mail Armor
24:45 Forging
30:25 Chain Mail Armor
31:53 Stone Mining
31:54 Gold Mining
32:41 Iron Casting
33:16 Hand Cart
33:43 Fortified Wall
34:31 Bow Saw
37:05 Gold Shaft Mining
37:06 Stone Shaft Mining
36:34 Heavy Plow
44:21 Imperial Age
OG. Arce Catacora
0:43 Loom
10:47 Feudal Age
11:51 Town Watch
16:55 Castle Age
15:59 Fletching
17:48 Thumb Ring
19:09 Gold Mining
19:26 Crossbowman
23:41 Stone Mining
23:49 Double-Bit Axe
26:42 Bodkin Arrow
29:07 Scale Barding Armor
29:13 Forging
31:49 Imperial Age
29:56 Husbandry
34:59 Chemistry
36:52 Conscription
38:17 Wheelbarrow
Connection lost

Rejoining the realm…

Still unreachable

The connection could not be restored.

Session expired

The server has moved on; the page needs a fresh start.